 Dungeon Crawl Stone Soup version 0.26.0-10-g1f06aea511 (webtiles) character file.

Game seed: 15411259360543343614

361 Dracia the Fighter (level 6, 0/57 HPs)
             Began as a Gnoll Wanderer on Jan 14, 2021.
             Slain by Edmund
             ... wielding a +2 flail of holy wrath
              (12 damage)
             ... on level 4 of the Dungeon.
             The game lasted 00:05:34 (2949 turns).

Dracia the Fighter (Gnoll Wanderer)                 Turns: 2949, Time: 00:05:35

Health: 0/57       AC: 13    Str: 13    XL:     6   Next: 66%
Magic:  9/9        EV: 12    Int: 22    God:
Gold:   113        SH:  4    Dex: 16    Spells: 9/9 levels left

rFire    + . .     SeeInvis .   t - +1 flail (protect)
rCold    + . .     Faith    .   l - +0 buckler
rNeg     . . .     Spirit   .   j - +1 robe {rC+ rF+}
rPois    .         Reflect  .   c - +0 helmet
rElec    .         Harm     .   (no cloak)
rCorr    .         Rampage  .   g - +0 pair of gloves
Will     .....                  (no boots)
Stlth    ++........             r - amulet of inaccuracy
HPRegen  0.19/turn              I - +6 ring of intelligence
MPRegen  0.11/turn              (no ring)

@: mighty, protection aura
A: distributed training, fangs 1, strong nose
a: no special abilities


You were on level 4 of the Dungeon.
You visited 1 branch of the dungeon, and saw 4 of its levels.

You collected 113 gold pieces.


Innate Abilities, Weirdness & Mutations

Your experience applies equally to all skills.
You have very sharp teeth.
Your uncanny sense of smell can sniff out nearby items.


   Skills:
 + Level 8.8 Fighting
 + Level 2.0 Short Blades
 + Level 2.0 Long Blades
 + Level 3.3 Axes
 + Level 2.0 Maces & Flails
 + Level 2.0 Polearms
 + Level 2.0 Staves
 + Level 2.0 Slings
 + Level 2.0 Bows
 + Level 2.0 Crossbows
 + Level 3.3 Throwing
 + Level 6.8 Armour
 + Level 2.0 Dodging
 + Level 2.0 Stealth
 + Level 2.0 Shields
 + Level 2.0 Unarmed Combat
 + Level 2.0 Spellcasting
 + Level 1.6 Conjurations
 + Level 1.6 Hexes
 + Level 1.6 Summonings
 + Level 1.6 Necromancy
 + Level 1.6 Translocations
 + Level 1.6 Transmutations
 + Level 1.6 Fire Magic
 + Level 1.6 Ice Magic
 + Level 1.6 Air Magic
 + Level 1.6 Earth Magic
 + Level 1.6 Poison Magic
 + Level 2.2 Invocations
 + Level 3.3 Evocations


You had 9 spell levels left.
You didn't know any spells.
Your spell library was empty.

Inventory:

Hand Weapons
 a - a +2 hand axe
 t - a +1 flail of protection (weapon)
Missiles
 f - a throwing net {=f=f}
Armour
 b - a +0 ring mail
 c - a +0 helmet (worn)
 g - a +0 pair of gloves (worn)
 j - a +1 robe of resistance (worn)
 l - a +0 buckler (worn)
 m - a +0 chain mail
Jewellery
 n - an uncursed amulet of magic regeneration
 r - an amulet of inaccuracy (around neck)
 u - an uncursed amulet of faith {unknown}
 I - a +6 ring of intelligence (left hand)
Scrolls
 d - 2 scrolls of remove curse {@r2@r2}
 e - 2 scrolls of blinking {unknown}
 h - 2 scrolls of enchant armour {unknown}
 i - a scroll of identify {unknown}
 k - a scroll of enchant weapon {unknown}
 p - a scroll of amnesia {unknown}
 v - a scroll of teleportation {unknown}
Potions
 o - 2 potions of mutation {unknown}
 q - a potion of brilliance {unknown}

Dungeon Overview and Level Annotations

Branches:
Dungeon (4/15)
 Temple: D:4-7

Altars:
Trog
Uskayaw

Annotations:
D:4 Edmund ########## ......@@<# ##########

You could see Edmund.


Message History

You feel very mighty all of a sudden.
You sock Edmund!
Edmund is moderately wounded.
You feel sick.
You are no longer poisoned.
Edmund barely misses you.
You miss Edmund.
Edmund is moderately wounded.
Edmund misses you. Edmund hits you but does no damage.
You miss Edmund.
Edmund is moderately wounded.
Edmund hits you with a +2 flail of holy wrath.
* * * LOW HITPOINT WARNING * * *
Unknown command.
You hit Edmund but do no damage.
Edmund is moderately wounded.
Edmund hits you with a +2 flail of holy wrath.
* * * LOW HITPOINT WARNING * * *
You barely miss Edmund. You bite Edmund.
Edmund is heavily wounded.
Edmund hits you but does no damage.
You barely miss Edmund.
Edmund is heavily wounded.
Edmund hits you with a +2 flail of holy wrath.
* * * LOW HITPOINT WARNING * * *
You hit Edmund but do no damage.
Your weapon exudes an aura of protection.
Edmund is heavily wounded.
Edmund hits you with a +2 flail of holy wrath!
You die...

Skill      XL: |  1  2  3  4  5  6 |
---------------+-------------------+-----
Invocations    | 1 2 |  2.2
Short Blades   | 1 2 |  2.0
Long Blades    | 1 2 |  2.0
Maces & Flails | 1 2 |  2.0
Polearms       | 1 2 |  2.0
Staves         | 1 2 |  2.0
Slings         | 1 2 |  2.0
Bows           | 1 2 |  2.0
Crossbows      | 1 2 |  2.0
Dodging        | 1 2 |  2.0
Stealth        | 1 2 |  2.0
Shields        | 1 2 |  2.0
Unarmed Combat | 1 2 |  2.0
Spellcasting   | 1 2 |  2.0
Axes           | 3 |  3.3
Throwing       | 3 |  3.3
Conjurations   | 1 |  1.6
Hexes          | 1 |  1.6
Summonings     | 1 |  1.6
Necromancy     | 1 |  1.6
Translocations | 1 |  1.6
Transmutations | 1 |  1.6
Fire Magic     | 1 |  1.6
Ice Magic      | 1 |  1.6
Air Magic      | 1 |  1.6
Earth Magic    | 1 |  1.6
Poison Magic   | 1 |  1.6
Evocations     | 3 |  3.3
Fighting       | |  8.8
Armour         | |  6.8

Action                   |  1- 3 |  4- 6 || total
-------------------------+-------+-------++-------
Melee: Hand axe          |    93 |   134 ||   227
       Bite              |     7 |    17 ||    24
       Flail             |       |    29 ||    29
  Use: Potion            |     1 |     4 ||     5
       Scroll            |       |     1 ||     1
 Stab: Invisible         |       |     1 ||     1
       Sleeping          |       |     5 ||     5
Armor: Ring mail         |    42 |     6 ||    48
       Chain mail        |       |    25 ||    25
       Robe              |       |    37 ||    37
Dodge: Dodged            |    64 |    79 ||   143
Block: Buckler           |       |    31 ||    31

Levels and vault maps discovered:
D:1:      dpeg_arrival_more_subterranean_lakeside_camping, layout_basic
D:2:      layout_rooms, overflow_temple_1_default, uniq_sigmund
D:3:      layout_loops_ring, nicolae_overflow_crystal_walls, minivault_14
D:4:      layout_basic, minmay_temple_entry_enclosed_plants, uniq_duvessa,
          uniq_edmund, uniq_natasha

Notes
Turn   | Place    | Note
-------+----------+-------------------------------------------
     0 | D:1      | Dracia the Gnoll Wanderer began the quest for the Orb.
     0 | D:1      | Dracia set off with the following items: a +2 hand axe, a
                  | +0 ring mail, a potion of curing {@q1@q1}
     0 | D:1      | Reached XP level 1. HP: 26/26 MP: 1/1
   155 | D:1      | Reached XP level 2. HP: 33/33 MP: 2/2
   678 | D:1      | Reached XP level 3. HP: 38/38 MP: 3/3
   892 | D:2      | Reached skill level 1 in Invocations
  1055 | D:2      | Reached skill level 1 in Short Blades
  1055 | D:2      | Reached skill level 1 in Long Blades
  1055 | D:2      | Reached skill level 1 in Maces & Flails
  1055 | D:2      | Reached skill level 1 in Polearms
  1055 | D:2      | Reached skill level 1 in Staves
  1055 | D:2      | Reached skill level 1 in Slings
  1055 | D:2      | Reached skill level 1 in Bows
  1055 | D:2      | Reached skill level 1 in Crossbows
  1055 | D:2      | Reached skill level 1 in Dodging
  1055 | D:2      | Reached skill level 1 in Stealth
  1055 | D:2      | Reached skill level 1 in Shields
  1055 | D:2      | Reached skill level 1 in Unarmed Combat
  1055 | D:2      | Reached skill level 1 in Spellcasting
  1302 | D:2      | Reached XP level 4. HP: 44/45 MP: 5/5
  1358 | D:2      | Found a hide-covered altar of Uskayaw.
  1422 | D:2      | Identified a +1 robe of resistance
  1422 | D:2      | Noticed Sigmund
  1463 | D:2      | Killed Sigmund
  1464 | D:2      | Reached skill level 3 in Axes
  1464 | D:2      | Reached skill level 3 in Throwing
  1464 | D:2      | Reached skill level 1 in Conjurations
  1464 | D:2      | Reached skill level 1 in Hexes
  1464 | D:2      | Reached skill level 1 in Summonings
  1464 | D:2      | Reached skill level 1 in Necromancy
  1464 | D:2      | Reached skill level 1 in Translocations
  1464 | D:2      | Reached skill level 1 in Transmutations
  1464 | D:2      | Reached skill level 1 in Fire Magic
  1464 | D:2      | Reached skill level 1 in Ice Magic
  1464 | D:2      | Reached skill level 1 in Air Magic
  1464 | D:2      | Reached skill level 1 in Earth Magic
  1464 | D:2      | Reached skill level 1 in Poison Magic
  1464 | D:2      | Reached skill level 2 in Invocations
  1464 | D:2      | Reached skill level 3 in Evocations
  1464 | D:2      | Reached XP level 5. HP: 13/51 MP: 5/7
  1464 | D:2      | Reached XP level 6. HP: 15/57 MP: 5/8
  2383 | D:3      | Found a bloodstained altar of Trog.
  2392 | D:3      | Reached skill level 2 in Short Blades
  2392 | D:3      | Reached skill level 2 in Long Blades
  2392 | D:3      | Reached skill level 2 in Maces & Flails
  2392 | D:3      | Reached skill level 2 in Polearms
  2392 | D:3      | Reached skill level 2 in Staves
  2392 | D:3      | Reached skill level 2 in Slings
  2392 | D:3      | Reached skill level 2 in Bows
  2392 | D:3      | Reached skill level 2 in Crossbows
  2392 | D:3      | Reached skill level 2 in Dodging
  2392 | D:3      | Reached skill level 2 in Stealth
  2392 | D:3      | Reached skill level 2 in Shields
  2392 | D:3      | Reached skill level 2 in Unarmed Combat
  2392 | D:3      | Reached skill level 2 in Spellcasting
  2921 | D:4      | Noticed Edmund
  2949 | D:4      | Slain by Edmund

Vanquished Creatures
  Sigmund (D:2)
  8 adders
  4 gnolls (D:3)
  An ooze (D:2)
  2 worms
  3 dart slugs
  A leopard gecko (D:2)
  5 orcs
  6 bats
  6 giant cockroaches
  10 goblins
  9 hobgoblins
  3 jackals (D:2)
  A quokka (D:3)
  A ball python (D:2)
  7 frilled lizards
  5 kobolds
  4 rats
77 creatures vanquished.

Table legend: (Time is in decaauts)
 A = Elapsed time spent in this place.
 B = Non-inter-level travel time spent in this place.
 C = Inter-level travel time spent in this place.
 D = Time resting spent in this place.
 E = Time spent auto-exploring this place.
 F = Levels seen in this place.
 G = Mean time per level.
                   A        B        C        D        E       F      G
               +--------+--------+--------+--------+--------+-----+--------+
         Total |   3006 |   2968 |     38 |    216 |   2134 |   4 |  751.5 |
       Dungeon |   3006 |   2968 |     38 |    216 |   2134 |   4 |  751.5 |
               +--------+--------+--------+--------+--------+-----+--------+

Top non-repeatable levels by time:
     D:2: 1180 daAuts
     D:3: 961 daAuts
     D:1: 828 daAuts
     D:4: 35 daAuts

Table legend:
 A = Non-vault XP
 B = Vault XP
 C = Vault XP percentage of total XP
 D = Non-vault monster count
 E = Vault monster count
 F = Vault count percentage of total count
                 A         B        C        D         E       F
            +---------+---------+-------+---------+---------+-------
      Total |     293 |     223 |  43.2 |      76 |       1 |   1.3
            +---------+---------+-------+---------+---------+-------
        D:1 |      36 |       0 |   0.0 |      23 |       0 |   0.0
        D:2 |     114 |     223 |  66.2 |      28 |       1 |   3.4
        D:3 |     130 |       0 |   0.0 |      24 |       0 |   0.0
        D:4 |      13 |       0 |   0.0 |       1 |       0 |   0.0
            +---------+---------+-------+---------+---------+-------
